 Dungeon Crawl Stone Soup version 0.22.1-2-g9c5b331 (webtiles) character file.

69 step280290 the Skirmisher (level 4, -5/41 HPs)
             Began as a Minotaur Berserker on Dec 14, 2018.
             Was a Believer of Trog.
             Killed by nerve-wracking pain
             ... invoked by Grinder
              (9 damage)
             ... on level 3 of the Dungeon.
             The game lasted 00:15:11 (2104 turns).

step280290 the Skirmisher (Minotaur Berserker)      Turns: 2104, Time: 00:15:12

Health: -5/41      AC:  6    Str: 22    XL:     4   Next: 2%
Magic:  3/3        EV: 11    Int:  4    God:    Trog [**....]
Gold:   121        SH:  0    Dex: 10    Spells: 3/3 levels left

rFire    . . .     SeeInvis .   a - +0 hand axe
rCold    . . .     Gourm    .   (no shield)
rNeg     . . .     Faith    .   n - +0 scale mail
rPois    .         Spirit   .   (helmet restricted)
rElec    .         Reflect  .   (no cloak)
rCorr    .         Harm     .   (no gloves)
MR       .....                  (no boots)
Stlth    ..........             (no amulet)
HPRegen  0.13/turn              (no ring)
MPRegen  0.08/turn              (no ring)

@: berserk cooldown, slowed, very slow
A: retaliatory headbutt, horns 2
a: Berserk, Trog's Hand, Renounce Religion


You were on level 3 of the Dungeon.
You worshipped Trog.
Trog was pleased with you.
You were near starving.

You visited 1 branch of the dungeon, and saw 3 of its levels.

You collected 121 gold pieces.

Inventory:

Hand Weapons
 a - a +0 hand axe (weapon)
Armour
 n - a +0 scale mail (worn)
Jewellery
 m - an uncursed ring of ice {unknown}
Scrolls
 f - 4 scrolls of identify {unknown}
 h - 2 scrolls of fear {unknown}
 j - a scroll of teleportation {unknown}
 l - a scroll of amnesia {unknown}
Potions
 b - a potion of ambrosia {unknown}
 d - a potion of lignification {unknown}
 e - 2 potions of curing {unknown}
 g - a potion of degeneration {unknown}
 i - 2 potions of cancellation {unknown}
 k - a potion of haste {unknown}
Comestibles
 c - a ration


   Skills:
 * Level 4.4 Fighting
 * Level 4.4 Axes
 + Level 3.2 Armour
 + Level 2.9 Dodging


You had 3 spell levels left.
You didn't know any spells.
Your spell library was empty.

Dungeon Overview and Level Annotations

Branches:
Dungeon (3/15)

Altars:
Elyvilon

Annotations:
D:3 Grinder


Innate Abilities, Weirdness & Mutations

You reflexively headbutt those who attack you in melee.
You have a pair of horns on your head.


Message History

Grinder hits you.
You writhe in agony.
You barely miss Grinder.
Grinder is lightly wounded.
Grinder barely misses you. You furiously retaliate!
You headbutt Grinder, but do no damage. Grinder hits you.
You writhe in agony.
You are too injured to fight recklessly!
You hit Grinder.
Grinder is lightly wounded.
Grinder hits you.
You writhe in agony.
Grinder hits you!
* * * LOW HITPOINT WARNING * * *
You slash Grinder! Your headbutt misses Grinder.
Grinder is moderately wounded.
Grinder gestures at you. Pain shoots through your body!
* * * LOW HITPOINT WARNING * * *
You hit Grinder.
Grinder is moderately wounded.
Grinder gestures at you. Pain shoots through your body!
You die...

............. ..
##..###.##..#.####
#..###.##........
#......##.##<#### ##
#................ ...
...>.#.....####### ....
.....#.......# ######.....
....########.###..........
###.# #..†.@5........ #.#
#########...... .. .....
.... ###


You could see Grinder.

Vanquished Creatures
  2 worms (D:2)
  2 leopard geckos (D:1)
  5 bats
  A giant cockroach (D:1)
  3 hobgoblins
  9 jackals
  3 quokkas
  2 ball pythons
  13 frilled lizards
  9 goblins
  7 kobolds
  4 rats (D:1)
60 creatures vanquished.

Notes
Turn   | Place    | Note
-------+----------+-------------------------------------------
     0 | D:1      | step280290 the Minotaur Berserker began the quest for the
                  | Orb.
     0 | D:1      | Reached XP level 1. HP: 19/19 MP: 0/0
    86 | D:1      | Reached XP level 2. HP: 27/27 MP: 1/1
   882 | D:1      | Reached XP level 3. HP: 33/33 MP: 2/2
   895 | D:1      | Reached ** piety under Trog
  1737 | D:2      | Found a white marble altar of Elyvilon.
  2073 | D:3      | Noticed Grinder
  2083 | D:3      | Reached XP level 4. HP: 41/41 MP: 3/3
  2104 | D:3      | Killed from afar by Grinder

Skill      XL: |  1  2 |
---------------+-------+-----
Fighting       | 4 |  4.4
Axes           | 4 |  4.4
Armour         | 3 |  3.2
Dodging        | |  2.9

Action                   |  1- 3 |  4- 6 || total
-------------------------+-------+-------++-------
Melee: Hand axe          |   128 |     7 ||   135
       Headbutt          |    18 |       ||    18
Invok: Berserk           |       |     1 ||     1
  Eat: Chunk             |     3 |       ||     3
Armor: Animal skin       |    20 |       ||    20
       Scale mail        |     1 |     2 ||     3
Dodge: Dodged            |    62 |     3 ||    65
